| TOP OF THE 1ST |
|
Minnesota (NYP) Twins batting - Pitching for Mahoning Valley Scrappers : RHP Mario del Rio
|
|
Pitching: RHP Mario del Rio
|
|
|
Batting: RHB John Dew
|
0-0: Called Strike 0-1: Ball 1-1: Swinging Strike 1-2: Ball 2-2: Foul Ball, location: 2F 2-2: Ball 3-2: Base on Balls
|
|
Batting: SHB Manny Molina
|
0-0: Ball 1-0: Foul Ball, location: 2F 1-1: Foul Ball, location: 2F 1-2: Fly out, F9 (Line Drive, 9D, EV 91.2 MPH)
|
|
Batting: LHB Jayden Thomas
|
0-0: Foul Ball, location: 2F 0-1: Foul Ball, location: 2F 0-2: SINGLE (Flyball, 4D, EV 88.8 MPH) John Dew to second
|
|
Batting: LHB Kuemon Shishido
|
0-0: Called Strike 0-1: Fly out, F8 (Flyball, 8LM, EV 86.9 MPH)
|
|
Batting: SHB Chris Hull
|
0-0: Ball 1-0: Ball 2-0: Ball 3-0: Base on Balls John Dew to third Jayden Thomas to second
|
|
Batting: RHB Nick Phipps
|
0-0: Ground out 5-3 (Groundball, 56S, EV 64.4 MPH)
|
| Top of the 1st over - 0 runs, 1 hit, 0 errors, 3 left on base; Minnesota (NYP) 0 - Mahoning Valley 0 |
| BOTTOM OF THE 1ST |
|
Mahoning Valley Scrappers batting - Pitching for Minnesota (NYP) Twins : RHP Tim Weller
|
|
Pitching: RHP Tim Weller
|
|
|
Batting: RHB Kenzo Shinoda
|
0-0: Called Strike 0-1: Ball 1-1: Ball 2-1: Foul Ball, location: 2F 2-2: Strikes out swinging
|
|
Batting: RHB John Bianconi
|
0-0: Ball 1-0: Called Strike 1-1: Foul Ball, location: 2F 1-2: SINGLE (Line Drive, 7LS, EV 95.0 MPH)
|
|
Batting: LHB Shane Montalvo
|
0-0: Called Strike 0-1: Ball John Bianconi is caught stealing 2nd base 2-6 1-1: DOUBLE (Line Drive, 7LM, EV 110.0 MPH)
|
|
Batting: LHB Jeff Palmowski
|
0-0: Swinging Strike 0-1: Ball 1-1: Foul Ball, location: 2F 1-2: Ball 2-2: Foul Ball, location: 2F 2-2: SINGLE (Groundball, 3D, EV 107.5 MPH) Shane Montalvo to third Runner from 3rd tries for Home, throw by RF and OUT! 9-2
|
| Bottom of the 1st over - 0 runs, 3 hits, 0 errors, 1 left on base; Minnesota (NYP) 0 - Mahoning Valley 0 |
| TOP OF THE 2ND |
|
Minnesota (NYP) Twins batting - Pitching for Mahoning Valley Scrappers : RHP Mario del Rio
|
|
Batting: RHB Leo Gonzalez
|
0-0: Called Strike 0-1: Ball 1-1: SINGLE (Groundball, 34D, EV 103.8 MPH)
|
|
Batting: RHB Steve Raine
|
0-0: Ball 1-0: Swinging Strike 1-1: Called Strike 1-2: Strikes out swinging
|
|
Batting: RHB Andrew Rich
|
0-0: Fly out, F9 (Flyball, 9, EV 81.9 MPH)
|
|
Batting: RHB John Dew
|
0-0: Called Strike 0-1: Ball 1-1: Called Strike 1-2: Fly out, F7 (Flyball, 78M, EV 90.0 MPH)
|
| Top of the 2nd over - 0 runs, 1 hit, 0 errors, 1 left on base; Minnesota (NYP) 0 - Mahoning Valley 0 |
| BOTTOM OF THE 2ND |
|
Mahoning Valley Scrappers batting - Pitching for Minnesota (NYP) Twins : RHP Tim Weller
|
|
Batting: RHB Andy Lewis
|
0-0: Fly out, F9 (Line Drive, 9S, EV 92.5 MPH)
|
|
Batting: RHB Ricky Cordova
|
0-0: Fly out, F8 (Flyball, 8LXD, EV 91.2 MPH)
|
|
Batting: RHB Jason Roberts
|
0-0: Called Strike 0-1: Ball 1-1: Ball 2-1: Ground out 3-1 (Groundball, 34, EV 93.1 MPH)
|
| Bottom of the 2nd over - 0 runs, 0 hits, 0 errors, 0 left on base; Minnesota (NYP) 0 - Mahoning Valley 0 |
| TOP OF THE 3RD |
|
Minnesota (NYP) Twins batting - Pitching for Mahoning Valley Scrappers : RHP Mario del Rio
|
|
Batting: SHB Manny Molina
|
0-0: Called Strike 0-1: Ball 1-1: Swinging Strike 1-2: Strikes out swinging
|
|
Batting: LHB Jayden Thomas
|
0-0: Swinging Strike 0-1: SOLO HOME RUN (Flyball, 89XD, EV 103.8 MPH), Distance : 423 ft
|
|
Batting: LHB Kuemon Shishido
|
0-0: Ball 1-0: Ball 2-0: Called Strike 2-1: Ball 3-1: Base on Balls
|
|
Batting: SHB Chris Hull
|
0-0: Called Strike 0-1: Ball 1-1: Ball 2-1: SINGLE (Groundball, 56D, EV 103.1 MPH) Kuemon Shishido to second
|
|
Batting: RHB Nick Phipps
|
0-0: Called Strike 0-1: Ball 1-1: Foul Ball, location: 2F 1-2: Foul Ball, location: 2F 1-2: TRIPLE (Flyball, 89XD, EV 91.2 MPH) Kuemon Shishido scores Chris Hull scores
|
|
Batting: RHB Leo Gonzalez
|
0-0: Foul Ball, location: 2F 0-1: Ball 1-1: Ball 2-1: Foul Ball, location: 2F 2-2: Foul Ball, location: 2F 2-2: Ball 3-2: Ground out 3-1 (Groundball, 3D, EV 91.2 MPH)
|
|
Batting: RHB Steve Raine
|
0-0: Fly out, F7 (Flyball, 7LM, EV 81.9 MPH)
|
| Top of the 3rd over - 3 runs, 3 hits, 0 errors, 1 left on base; Minnesota (NYP) 3 - Mahoning Valley 0 |
| BOTTOM OF THE 3RD |
|
Mahoning Valley Scrappers batting - Pitching for Minnesota (NYP) Twins : RHP Tim Weller
|
|
Batting: RHB Anibal Casteles
|
0-0: Ball 1-0: Called Strike 1-1: Ground out 6-3 (Groundball, 6, EV 82.5 MPH)
|
|
Batting: RHB Luis Roman
|
0-0: Called Strike 0-1: Ball 1-1: Called Strike 1-2: Ground out 6-3 (Groundball, 6, EV 75.6 MPH)
|
|
Batting: RHB Kenzo Shinoda
|
0-0: Swinging Strike 0-1: Foul Ball, location: 2F 0-2: Ball 1-2: Ball 2-2: Fly out, F5 (Popup, 5SF, EV 76.2 MPH)
|
| Bottom of the 3rd over - 0 runs, 0 hits, 0 errors, 0 left on base; Minnesota (NYP) 3 - Mahoning Valley 0 |
| TOP OF THE 4TH |
|
Minnesota (NYP) Twins batting - Pitching for Mahoning Valley Scrappers : RHP Mario del Rio
|
|
Batting: RHB Andrew Rich
|
0-0: Ground out 1-3 (Groundball, 13S, EV 74.4 MPH)
|
|
Batting: RHB John Dew
|
0-0: Called Strike 0-1: Fly out, F8 (Flyball, 78S, EV 96.2 MPH)
|
|
Batting: SHB Manny Molina
|
0-0: Called Strike 0-1: SOLO HOME RUN (Flyball, 89XD, EV 103.8 MPH), Distance : 398 ft
|
|
Batting: LHB Jayden Thomas
|
0-0: Ball 1-0: SINGLE (Groundball, 6M, EV 95.0 MPH)
|
|
Batting: LHB Kuemon Shishido
|
0-0: Ball 1-0: Called Strike 1-1: Foul Ball, location: 2F 1-2: SINGLE (Groundball, 34D, EV 95.6 MPH) Jayden Thomas to second Runner from 2nd tries for 3rd, SAFE, throw by RF made to third
|
|
Batting: SHB Chris Hull
|
0-0: Ball 1-0: Ball 2-0: Ball 3-0: Foul Ball, location: 2F 3-1: Base on Balls Kuemon Shishido to second
|
|
Batting: RHB Nick Phipps
|
0-0: Fly out, F7 (Flyball, 7, EV 76.9 MPH)
|
| Top of the 4th over - 1 run, 3 hits, 0 errors, 3 left on base; Minnesota (NYP) 4 - Mahoning Valley 0 |
| BOTTOM OF THE 4TH |
|
Mahoning Valley Scrappers batting - Pitching for Minnesota (NYP) Twins : RHP Tim Weller
|
|
Batting: RHB John Bianconi
|
0-0: Foul Ball, location: 2F 0-1: Ground out 3-1 (Groundball, 34S, EV 86.9 MPH)
|
|
Batting: LHB Shane Montalvo
|
0-0: Called Strike 0-1: Swinging Strike 0-2: Ball 1-2: Fly out, F8 (Flyball, 8LD, EV 104.4 MPH)
|
|
Batting: LHB Jeff Palmowski
|
0-0: Called Strike 0-1: SINGLE (Groundball, 25, EV 70.0 MPH) (infield hit)
|
|
Batting: RHB Andy Lewis
|
0-0: Called Strike 0-1: Ball 1-1: SINGLE (Groundball, 6MD, EV 95.0 MPH) Jeff Palmowski to second
|
|
Batting: RHB Ricky Cordova
|
0-0: Ball 1-0: Ball 2-0: Ball 3-0: Called Strike 3-1: Base on Balls Jeff Palmowski to third Andy Lewis to second
|
|
Batting: RHB Jason Roberts
|
0-0: Ground out 4-3 (Groundball, 34, EV 86.9 MPH)
|
| Bottom of the 4th over - 0 runs, 2 hits, 0 errors, 3 left on base; Minnesota (NYP) 4 - Mahoning Valley 0 |
| TOP OF THE 5TH |
|
Minnesota (NYP) Twins batting - Pitching for Mahoning Valley Scrappers : RHP Mario del Rio
|
|
Batting: RHB Leo Gonzalez
|
0-0: Ball 1-0: Ball 2-0: Called Strike 2-1: Ball 3-1: Base on Balls
|
|
Pitching: RHP Ian Nordquist
|
|
|
Batting: RHB Steve Raine
|
0-0: Ball 1-0: Foul Ball, location: 2F 1-1: Foul Ball, location: 2F 1-2: Hit by Pitch Leo Gonzalez to second
|
|
Batting: RHB Andrew Rich
|
0-0: Ball 1-0: Ball 2-0: Foul Ball, location: 2F 2-1: Called Strike 2-2: Ball Wild Pitch! Leo Gonzalez to third Steve Raine to second 3-2: Strikes out swinging
|
|
Batting: RHB John Dew
|
0-0: Ball 1-0: Ball 2-0: Ball 3-0: Called Strike 3-1: Base on Balls
|
|
Batting: SHB Manny Molina
|
Balk! Leo Gonzalez scores Steve Raine to third John Dew to second 0-0: Called Strike 0-1: Ball 1-1: Called Strike 1-2: Ball 2-2: Strikes out swinging
|
|
Pitching: RHP Bill Snyder
|
|
|
Batting: LHB Jayden Thomas
|
0-0: Ball 1-0: Ball 2-0: Ball 3-0: Base on Balls
|
|
Batting: LHB Kuemon Shishido
|
0-0: Called Strike 0-1: Ball 1-1: Ball 2-1: Foul Ball, location: 2F 2-2: Foul Ball, location: 2F 2-2: Foul Ball, location: 2F 2-2: Ball 3-2: Base on Balls Steve Raine scores John Dew to third Jayden Thomas to second
|
|
Batting: SHB Chris Hull
|
0-0: Ball 1-0: Ball 2-0: Foul Ball, location: 2F 2-1: Ball 3-1: Fly out, F5 (Line Drive, 6, EV 63.8 MPH)
|
| Top of the 5th over - 2 runs, 0 hits, 0 errors, 3 left on base; Minnesota (NYP) 6 - Mahoning Valley 0 |
| BOTTOM OF THE 5TH |
|
Mahoning Valley Scrappers batting - Pitching for Minnesota (NYP) Twins : RHP Tim Weller
|
|
Batting: RHB Anibal Casteles
|
0-0: Swinging Strike 0-1: Ball 1-1: Called Strike 1-2: Ball 2-2: Ball 3-2: Ground out 6-3 (Groundball, 6, EV 88.1 MPH)
|
|
Batting: RHB Luis Roman
|
0-0: Ball 1-0: Foul Ball, location: 2F 1-1: Called Strike 1-2: Ball 2-2: Ground out 6-3 (Groundball, 6, EV 82.5 MPH)
|
|
Batting: RHB Kenzo Shinoda
|
0-0: Ground out 5-3 (Groundball, 5, EV 109.4 MPH)
|
| Bottom of the 5th over - 0 runs, 0 hits, 0 errors, 0 left on base; Minnesota (NYP) 6 - Mahoning Valley 0 |
| TOP OF THE 6TH |
|
Minnesota (NYP) Twins batting - Pitching for Mahoning Valley Scrappers : RHP Bill Snyder
|
|
Batting: RHB Nick Phipps
|
0-0: Called Strike 0-1: Ball 1-1: Ball 2-1: Ball 3-1: Base on Balls
|
|
Pitching: RHP Chris Cohen
|
|
|
Batting: RHB Leo Gonzalez
|
0-0: Called Strike 0-1: Called Strike 0-2: Ball 1-2: Foul Ball, location: 2F 1-2: Foul Ball, location: 2F 1-2: Strikes out swinging
|
|
Batting: RHB Steve Raine
|
0-0: SINGLE (Line Drive, 7S, EV 106.9 MPH) Nick Phipps to second
|
|
Batting: RHB Andrew Rich
|
0-0: Ball Nick Phipps steals 3rd base 1-0: Ball 2-0: SINGLE (Line Drive, 34, EV 104.4 MPH) Nick Phipps scores Steve Raine to second
|
|
Batting: RHB John Dew
|
0-0: Ball 1-0: Ball 2-0: Foul Ball, location: 2F 2-1: SINGLE (Flyball, 5D, EV 83.1 MPH) Steve Raine to third Andrew Rich to second
|
|
Batting: SHB Manny Molina
|
0-0: Called Strike 0-1: Ball Passed Ball! Steve Raine scores Andrew Rich to third John Dew to second 1-1: SINGLE (Groundball, 4MD, EV 101.9 MPH) (infield hit) Andrew Rich scores John Dew to third
|
|
Batting: LHB Jayden Thomas
|
0-0: Foul Ball, location: 2F 0-1: Ball 1-1: Ball 2-1: Grounds into double play, 4-6-3 (Groundball, 4D, EV 85.0 MPH)
|
| Top of the 6th over - 3 runs, 4 hits, 0 errors, 1 left on base; Minnesota (NYP) 9 - Mahoning Valley 0 |
| BOTTOM OF THE 6TH |
|
Mahoning Valley Scrappers batting - Pitching for Minnesota (NYP) Twins : RHP Tim Weller
|
|
Batting: RHB John Bianconi
|
0-0: Ground out 4-3 (Groundball, 4, EV 88.1 MPH)
|
|
Batting: LHB Shane Montalvo
|
0-0: Ground out 6-3 (Groundball, 6, EV 79.4 MPH)
|
|
Batting: LHB Jeff Palmowski
|
0-0: Ball 1-0: Called Strike 1-1: Ball 2-1: Ball 3-1: Foul Ball, location: 2F 3-2: Base on Balls
|
|
Batting: RHB Andy Lewis
|
0-0: Ball 1-0: Called Strike 1-1: Ball 2-1: SINGLE (Flyball, 34D, EV 91.9 MPH) Jeff Palmowski to second Runner from 2nd tries for 3rd, SAFE, throw by RF made to third
|
|
Pitching: RHP Tom Winsor
|
|
|
Batting: RHB Ricky Cordova
|
0-0: Fielders Choice at 2nd, 6-4 (Groundball, 6, EV 88.1 MPH)
|
| Bottom of the 6th over - 0 runs, 1 hit, 0 errors, 2 left on base; Minnesota (NYP) 9 - Mahoning Valley 0 |
| TOP OF THE 7TH |
|
Minnesota (NYP) Twins batting - Pitching for Mahoning Valley Scrappers : RHP Chris Cohen
|
|
Batting: LHB Kuemon Shishido
|
0-0: Swinging Strike 0-1: Foul Ball, location: 2F 0-2: Ball 1-2: Ball 2-2: DOUBLE (Line Drive, 7LM, EV 103.8 MPH)
|
|
Batting: SHB Chris Hull
|
0-0: Hit by Pitch
|
|
Batting: RHB Nick Phipps
|
0-0: Ball 1-0: Ball 2-0: Foul Ball, location: 2F 2-1: Called Strike 2-2: Ball 3-2: Foul Ball, location: 2F 3-2: Base on Balls Kuemon Shishido to third Chris Hull to second
|
|
Batting: RHB Leo Gonzalez
|
0-0: DOUBLE (Line Drive, 9LM, EV 105.6 MPH) Kuemon Shishido scores Chris Hull scores Nick Phipps to third
|
|
Pitching: RHP Jay Rook
|
|
|
Pinch Hitting: RHB Jose Gracia
|
0-0: Ground out 5-3 (Groundball, 56S, EV 91.2 MPH) Nick Phipps scores
|
|
Pinch Hitting: RHB Ryan Starks
|
0-0: Foul Ball, location: 2F 0-1: DOUBLE (Groundball, 5L, EV 101.9 MPH) Leo Gonzalez scores
|
|
Batting: RHB John Dew
|
0-0: Foul Ball, location: 2F 0-1: Ball 1-1: Ball 2-1: Foul Ball, location: 2F Balk! Ryan Starks to third 2-2: Foul Ball, location: 2F 2-2: Ball 3-2: Foul Ball, location: 2F 3-2: Foul Ball, location: 2F 3-2: Fly out, F5 (Popup, 25F, EV 84.4 MPH)
|
|
Batting: SHB Manny Molina
|
0-0: Ball 1-0: TRIPLE (Line Drive, 89XD, EV 96.9 MPH) Ryan Starks scores
|
|
Batting: LHB Jayden Thomas
|
0-0: Ball 1-0: Ball 2-0: Called Strike Balk! Manny Molina scores 2-1: Ball 3-1: SOLO HOME RUN (Flyball, 89XD, EV 101.2 MPH), Distance : 404 ft
|
|
Batting: LHB Kuemon Shishido
|
0-0: Foul Ball, location: 2F 0-1: Ball 1-1: Ball 2-1: Foul Ball, location: 2F 2-2: Foul Ball, location: 2F 2-2: Hit by Pitch
|
|
Batting: SHB Chris Hull
|
0-0: Ball 1-0: Foul Ball, location: 2F 1-1: Ground out 4-3 (Groundball, 4, EV 77.5 MPH)
|
| Top of the 7th over - 7 runs, 5 hits, 0 errors, 1 left on base; Minnesota (NYP) 16 - Mahoning Valley 0 |
| BOTTOM OF THE 7TH |
|
Mahoning Valley Scrappers batting - Pitching for Minnesota (NYP) Twins : RHP Tom Winsor
|
|
Now at 3B: Manny Molina
|
|
|
Now at SS: Jose Gracia
|
|
|
Now in LF: Ton van Dijk
|
|
|
Now in RF: Jayden Thomas
|
|
|
Batting: RHB Jason Roberts
|
0-0: Called Strike 0-1: Foul Ball, location: 2F 0-2: Foul Ball, location: 2F 0-2: Strikes out swinging
|
|
Batting: RHB Anibal Casteles
|
0-0: Ball 1-0: Called Strike 1-1: Ball 2-1: Called Strike 2-2: Strikes out swinging
|
|
Pinch Hitting: RHB Mike Persinger
|
0-0: Called Strike 0-1: Swinging Strike 0-2: Foul Ball, location: 2F 0-2: Foul Ball, location: 2F 0-2: Ball 1-2: Ball 2-2: Ball 3-2: Base on Balls
|
|
Pitching: RHP Dean Huch
|
|
|
Batting: RHB Kenzo Shinoda
|
0-0: SINGLE (Line Drive, 5D, EV 98.1 MPH) Mike Persinger to second
|
|
Pinch Hitting: RHB Jon Metzler
|
0-0: Ball 1-0: Ball 2-0: Called Strike 2-1: TRIPLE (Line Drive, 89XD, EV 101.9 MPH) Mike Persinger scores Kenzo Shinoda scores
|
|
Batting: LHB Shane Montalvo
|
0-0: Ball 1-0: Called Strike 1-1: Ball 2-1: Foul Ball, location: 2F 2-2: Strikes out swinging
|
| Bottom of the 7th over - 2 runs, 2 hits, 0 errors, 1 left on base; Minnesota (NYP) 16 - Mahoning Valley 2 |
| TOP OF THE 8TH |
|
Minnesota (NYP) Twins batting - Pitching for Mahoning Valley Scrappers : RHP Jay Rook
|
|
Now at 1B: Justin Eargle
|
|
|
Now at 3B: Mike Persinger
|
|
|
Batting: RHB Nick Phipps
|
0-0: Swinging Strike 0-1: Ball 1-1: Called Strike 1-2: SINGLE (Line Drive, 9S, EV 108.1 MPH)
|
|
Pinch Hitting: RHB Ricky Pizarro
|
0-0: Hit by Pitch Nick Phipps to second
|
|
Batting: RHB Jose Gracia
|
0-0: Ball Wild Pitch! Nick Phipps to third Ricky Pizarro to second 1-0: Foul Ball, location: 2F 1-1: Called Strike 1-2: Strikes out swinging
|
|
Batting: RHB Ton van Dijk
|
0-0: Called Strike 0-1: Foul Ball, location: 2F 0-2: Ball 1-2: Ball 2-2: Strikes out swinging
|
|
Batting: RHB John Dew
|
0-0: Ball 1-0: Foul Ball, location: 2F 1-1: Called Strike 1-2: Foul Ball, location: 2F 1-2: Ground out 4-3 (Groundball, 4, EV 108.8 MPH)
|
| Top of the 8th over - 0 runs, 1 hit, 0 errors, 2 left on base; Minnesota (NYP) 16 - Mahoning Valley 2 |
| BOTTOM OF THE 8TH |
|
Mahoning Valley Scrappers batting - Pitching for Minnesota (NYP) Twins : RHP Dean Huch
|
|
Now at 1B: Ricky Pizarro
|
|
|
Batting: LHB Jeff Palmowski
|
0-0: Ball 1-0: DOUBLE (Line Drive, 9LS, EV 93.1 MPH)
|
|
Pinch Hitting: LHB Chris Morgan
|
0-0: Ball 1-0: Ball 2-0: Foul Ball, location: 2F 2-1: Foul Ball, location: 2F 2-2: Ball 3-2: 2-RUN HOME RUN (Flyball, 9LD, EV 95.6 MPH), Distance : 355 ft
|
|
Pitching: RHP Cody Bryant
|
|
|
Batting: RHB Ricky Cordova
|
0-0: Ball 1-0: Ball 2-0: Called Strike 2-1: Ball 3-1: Ground out 6-3 (Groundball, 6, EV 95.6 MPH)
|
|
Batting: RHB Jason Roberts
|
0-0: Ball 1-0: Ball 2-0: Swinging Strike 2-1: Fly out, F8 (Flyball, 8LXD, EV 84.4 MPH)
|
|
Batting: RHB Anibal Casteles
|
0-0: Foul Ball, location: 2F 0-1: Swinging Strike 0-2: DOUBLE (Flyball, 8RXD, EV 98.1 MPH)
|
|
Pinch Hitting: LHB John Holst
|
0-0: SINGLE (Groundball, 4MD, EV 100.0 MPH) Anibal Casteles to third Runner from 3rd tries for Home, throw by CF and OUT! 8-2
|
| Bottom of the 8th over - 2 runs, 4 hits, 0 errors, 1 left on base; Minnesota (NYP) 16 - Mahoning Valley 4 |
| TOP OF THE 9TH |
|
Minnesota (NYP) Twins batting - Pitching for Mahoning Valley Scrappers : RHP Jay Rook
|
|
Now at 2B: Rico Coss
|
|
|
Now at 3B: Ighlas Mwara
|
|
|
Batting: SHB Manny Molina
|
0-0: Ball 1-0: Foul Ball, location: 2F 1-1: Foul Ball, location: 2F 1-2: Ball 2-2: Ball 3-2: Base on Balls
|
|
Pitching: RHP Esteban Cordova
|
|
|
Batting: LHB Jayden Thomas
|
0-0: Ball Wild Pitch! Manny Molina to second 1-0: Ball 2-0: Ground out U3 (Groundball, 3, EV 105.0 MPH) Manny Molina to third
|
|
Batting: LHB Kuemon Shishido
|
0-0: Ball 1-0: Swinging Strike 1-1: Ball 2-1: Ball 3-1: Fly out, F7 (Flyball, 7D, EV 92.5 MPH) Runner from 3rd tags up, SCORES, no throw by LF
|
|
Batting: SHB Chris Hull
|
0-0: Ball 1-0: Called Strike 1-1: Ball 2-1: Foul Ball, location: 2F 2-2: Strikes out swinging
|
| Top of the 9th over - 1 run, 0 hits, 0 errors, 0 left on base; Minnesota (NYP) 17 - Mahoning Valley 4 |
| BOTTOM OF THE 9TH |
|
Mahoning Valley Scrappers batting - Pitching for Minnesota (NYP) Twins : RHP Cody Bryant
|
|
Batting: RHB Kenzo Shinoda
|
0-0: Called Strike 0-1: Ball 1-1: Ball 2-1: DOUBLE (Line Drive, 9LM, EV 105.6 MPH)
|
|
Batting: LHB Justin Eargle
|
0-0: Called Strike 0-1: Foul Ball, location: 2F 0-2: Foul Ball, location: 2F 0-2: Foul Ball, location: 2F 0-2: Ball 1-2: Ball 2-2: Ball 3-2: Base on Balls
|
|
Pitching: RHP Matt Lundy
|
|
|
Pinch Hitting: SHB Travis Burnett
|
0-0: Called Strike 0-1: Ball 1-1: Foul Ball, location: 2F 1-2: Grounds into double play, 3-6-3 (Groundball, 34, EV 77.5 MPH) Kenzo Shinoda to third
|
|
Batting: LHB Jeff Palmowski
|
0-0: Foul Ball, location: 2F 0-1: Ball 1-1: Swinging Strike 1-2: Ball 2-2: Strikes out swinging
|
| Bottom of the 9th over - 0 runs, 1 hit, 0 errors, 1 left on base; Minnesota (NYP) 17 - Mahoning Valley 4 |
|